AoeStats
← Ethan

MegaRandom

510827423Analyzed
3v3 RM · 6h ago on Oct 2, 2026· 42m 55s· 6 players
Game mode
Random Map
Map size
Normal (6 player)
Population
200
Speed
Normal
Resources
Standard
Victory
Conquest
Starting age
Dark Age
Ending age
Imperial Age
RankedLock teamsTeams togetherTeam positionsShared explorationLock speedFull tech treeHidden civsTurbo modeCheats
Victory
Defeat
🇦🇺 Armenians · Australia
1331
+15
🇲🇽 Mongols · Mexico
1327
+15
🇨🇳 Franks · China
1271
+18
🇵🇱 Franks · Poland
1332
-17
🇵🇱 Cumans · Poland
1311
-16
🇬🇧 Georgians · United Kingdom
1286
-15
Duchu
10:55 Feudal Age
18:20 Loom
22:20 Castle Age
21:21 Stone Mining
22:27 Pikeman
33:13 Double-Bit Axe
33:23 Gold Mining
43:59 Imperial Age
Spearion
6:52 Loom
9:54 Feudal Age
10:49 Double-Bit Axe
17:45 Horse Collar
20:57 Castle Age
21:25 Scale Barding Armor
21:31 Forging
21:32 Bloodlines
23:36 Wheelbarrow
25:28 Husbandry
28:14 Chain Barding Armor
28:29 Iron Casting
33:43 Bow Saw
36:06 Gold Mining
38:55 Hand Cart
42:27 Iron Casting
wiesiek
11:50 Feudal Age
17:44 Castle Age
17:03 Double-Bit Axe
17:02 Horse Collar
22:28 Loom
25:24 Wheelbarrow
26:24 Hand Cart
30:28 Imperial Age
28:29 Bloodlines
30:31 Scale Barding Armor
30:37 Forging
31:25 Light Cavalry
32:13 Hussar
33:55 Chain Barding Armor
34:10 Iron Casting
xblxavier
11:19 Feudal Age
10:31 Loom
12:12 Double-Bit Axe
12:10 Horse Collar
12:43 Gold Mining
23:40 Castle Age
23:01 Fletching
24:25 Padded Archer Armor
24:09 Crossbowman
25:33 Bow Saw
25:32 Bodkin Arrow
28:18 Leather Archer Armor
28:49 Thumb Ring
30:36 Wheelbarrow
30:27 Ballistics
31:56 Pikeman
33:25 Squires
35:37 Stone Mining
35:52 Arson
36:09 Scale Mail Armor
36:20 Forging
36:30 Heavy Plow
38:16 Chain Mail Armor
38:36 Iron Casting
39:51 Caravan
43:20 Hand Cart
42:52 Town Watch
Ethan
3:06 Loom
12:21 Feudal Age
13:45 Wheelbarrow
13:15 Double-Bit Axe
19:13 Forging
21:05 Scale Barding Armor
25:16 Castle Age
26:35 Iron Casting
26:28 Husbandry
26:41 Pikeman
27:49 Bow Saw
29:54 Hand Cart
39:59 Light Cavalry
BeardyNath
10:25 Loom
12:29 Feudal Age
16:16 Castle Age
14:34 Double-Bit Axe
14:31 Horse Collar
17:18 Bow Saw
23:13 Wheelbarrow
24:39 Town Watch
26:36 Gold Mining
26:39 Stone Mining
28:23 Fervor
32:36 Imperial Age
31:31 Treadmill Crane
32:02 Masonry
31:48 Fletching
32:24 Ballistics
32:20 Masonry
33:16 Bodkin Arrow
33:23 Scale Mail Armor
34:25 Chemistry
34:00 Pikeman
35:18 Hand Cart
35:48 Bracer
36:34 Gold Shaft Mining
36:18 Halberdier
37:35 Chain Mail Armor
37:22 Padded Archer Armor
37:05 Elite Composite Bowman
38:37 Conscription
38:52 Plate Mail Armor
38:34 Forging
38:25 Squires
38:11 Arson
38:49 Man-at-Arms
39:14 Gambesons
40:06 Leather Archer Armor
39:47 Long Swordsman
41:04 Iron Casting
40:41 Fereters
41:03 Capped Ram
42:44 Bombard Tower
42:07 Siege Ram
Connection lost

Rejoining the realm…

Still unreachable

The connection could not be restored.

Session expired

The server has moved on; the page needs a fresh start.